 Dungeon Crawl Stone Soup version 0.31.0-9-g3a7656b989 (webtiles) character file.

Game seed: 14594162079974673532

429 qw the Shooter (level 6, -12/30 HPs)
             Began as a Spriggan Hunter on Feb 2, 2024.
             Mangled by a wyvern (16 damage)
             ... on level 5 of the Dungeon.
             The game lasted 00:01:04 (3087 turns).

qw the Shooter (Spriggan Hunter)                    Turns: 3087, Time: 00:01:05

Health: -12/30     AC:  4    Str:  7    XL:     6   Next: 66%
Magic:  7/7        EV: 23    Int: 10    God:
Gold:   148        SH:  0    Dex: 27    Spells: 5/5 levels left

rFire   . . .        a - +1 shortbow
rCold   . . .        (shield currently unavailable)
rNeg    . . .        c - +0 robe
rPois   .            (helmet restricted)
rElec   .            j - +1 cloak
rCorr   .            (gloves unavailable)
SInv    +            (boots unavailable)
Will    +....        (no amulet)
Stlth   +++          g - +6 ring of dexterity
HPRegen 0.25/turn    (no ring)
MPRegen 0.10/turn

%: no passive effects
@: very quick
A: very small, no large weapons, unfitting armour, see invisible, speed 3
a: no special abilities


You were on level 5 of the Dungeon.
You visited 1 branch of the dungeon, and saw 5 of its levels.

You collected 195 gold pieces.
You spent 47 gold pieces at shops.


Innate Abilities, Weirdness & Mutations

You are very small and have problems with some larger weapons.
You are too small for most types of armour.
You have supernaturally acute eyesight. (SInv)
You cover ground extremely quickly. (Speed+++)


   Skills:
 - Level 2.1 Fighting
 - Level 6.4 Ranged Weapons
 + Level 6.3 Dodging
 - Level 1.5 Stealth


You had 5 spell levels left.
You didn't know any spells.
Your spell library was empty.

Inventory:

Hand Weapons
 a - a +1 shortbow (weapon)
Armour
 c - a +0 robe (worn)
 j - a +1 cloak (worn)
Jewellery
 g - a +6 ring of dexterity (left hand)
Potions
 b - a potion of resistance {unknown}
 d - a potion of mutation {unknown}
 e - a potion of brilliance {unknown}
 f - a potion of heal wounds {unknown}
 i - a potion of haste {unknown}
 k - a potion of attraction {unknown}
 l - a potion of magic {unknown}
 m - a potion of berserk rage {unknown}

Dungeon Overview and Level Annotations

Branches:
Dungeon (5/15)
 Temple: D:4-7

Altars:
Qazlal

Shops:
D:2 *


Message History

The hound closely misses you.
You shoot an arrow. The arrow hits the hound.
The hound is almost dead.
The hound closely misses you. The wyvern completely misses you.
The hound completely misses you.
You shoot an arrow. The arrow hits the hound.
The hound is almost dead.
The wyvern misses you. The hound misses you. The wyvern bites you.
You shoot an arrow. The arrow hits the hound.
You kill the hound!
The wyvern misses you. x2
You shoot an arrow. The arrow hits the wyvern.
The wyvern is moderately wounded.
The wyvern misses you.
You shoot an arrow.
The arrow hits the wyvern but does no damage.
The wyvern is moderately wounded.
The wyvern bites you!!
Ouch! That really hurt!
A phantom comes into view.
The wyvern misses you.
You shoot an arrow. The arrow barely misses the wyvern.
The arrow misses the phantom.
The wyvern bites you. The black bear completely misses you.
The black bear misses you. The black bear completely misses you.
The wyvern barely misses you.
You shoot an arrow. The arrow hits the wyvern.
The wyvern is moderately wounded.
The black bear completely misses you. x2
The black bear claws you but does no damage.
The wyvern bites you but does no damage.
You shoot an arrow.
The arrow hits the wyvern but does no damage.
The wyvern is moderately wounded.
The wyvern barely misses you.
The black bear bites you but does no damage.
The black bear closely misses you. The black bear claws you.
The wyvern bites you!
Ouch! That really hurt!
You die...

#.#.)...$
.##......$.
..!....#..#.
...........
....W...##
#........>. #
#......##..
##.##k........#
#...@h.........
##..##.<......<
.........#......
#........##
..... ###......#
.... ##...###
... #..# .# #..
# ..


You could see a black bear, a wyvern and a phantom.

Vanquished Creatures
  A scorpion (D:4)
  2 hounds
  A jelly (D:4)
  An orc priest (D:4)
  An iguana (D:4)
  2 orc wizards
  6 adders
  4 dart slugs
  4 ribbon worms
  13 orcs
  6 endoplasms
  4 giant cockroaches
  5 goblins
  8 hobgoblins
  6 jackals
  6 kobolds
  6 quokkas
  7 ball pythons
  5 bats
  6 frilled lizards
  7 rats
101 creatures vanquished.

Notes
Turn   | Place    | Note
-------+----------+-------------------------------------------
     0 | D:1      | qw the Spriggan Hunter began the quest for the Orb.
     0 | D:1      | Reached XP level 1. HP: 10/10 MP: 2/2
     0 | D:1      | 0 ||| qw: Version: 0.3-a-155-g5e7d8dd
     0 | D:1      | 0 ||| qw: Game counter: 2824
     0 | D:1      | 0 ||| qw: Melee chars always use a shield: true
     0 | D:1      | 0 ||| qw: God list: Okawaru
     0 | D:1      | 0 ||| qw: Allow faded altars: false
     0 | D:1      | 0 ||| qw: Do Orc after clearing Dungeon:15 true
     0 | D:1      | 0 ||| qw: Do second Lair branch before Depths: true
     0 | D:1      | 0 ||| qw: Lair rune preference: random
     0 | D:1      | 0 ||| qw: Goals: Normal
     0 | D:1      | 0 ||| PLANNING D:1-11
    19 | D:1      | Reached skill level 3 in Dodging
    71 | D:1      | Reached XP level 2. HP: 14/14 MP: 3/3
   311 | D:1      | Reached XP level 3. HP: 18/18 MP: 4/4
   412 | D:1      | 412 ||| UPGRADING to +0 cloak.
   417 | D:1      | 417 ||| READING scroll labelled SAG PIFUMEUWK.
   418 | D:1      | 418 ||| READING scroll labelled TOF FYMA EROA.
   418 | D:1      | 418 ||| ENCHANTING +0 cloak.
   419 | D:1      | 419 ||| READING 2 scrolls labelled ROD CATTICUO.
   544 | D:1      | 544 ||| READING scroll labelled ERICWY MUANEM.
   545 | D:1      | 545 ||| READING scroll labelled ANEURORIYS.
   545 | D:1      | 545 ||| IDENTIFYING viscous emerald potion
   546 | D:1      | 546 ||| DROPPING scroll of butterflies.
   547 | D:1      | 547 ||| DROPPING potion of invisibility.
   548 | D:1      | 548 ||| DROPPING scroll of vulnerability.
   566 | D:2      | Found a stormy altar of Qazlal.
   954 | D:2      | Reached XP level 4. HP: 22/22 MP: 5/5
  1106 | D:2      | Found Feuhesat's Assorted Antiques.
  1116 | D:2      | 1116 ||| BUYING puce potion (22 gold).
  1116 | D:2      | Bought a puce potion for 22 gold pieces
  1116 | D:2      | 1116 ||| BUYING scroll labelled CEOGHEAGHA (25 gold).
  1116 | D:2      | Bought a scroll labelled CEOGHEAGHA for 25 gold pieces
  1116 | D:2      | 1116 ||| SHOPLISTING scroll labelled DELUOMY EDAFF (25
                  | gold, have 7).
  1275 | D:2      | 1275 ||| READING scroll labelled CEOGHEAGHA.
  1275 | D:2      | 1275 ||| ENCHANTING +0 shortbow.
  1276 | D:2      | 1276 ||| READING scroll labelled DELUOMY EDAFF.
  1281 | D:2      | 1281 ||| DRINKING 2 fuming amethyst potions.
  1324 | D:2      | 1324 ||| DROPPING potion of lignification.
  1486 | D:3      | Reached XP level 5. HP: 20/26 MP: 6/6
  2083 | D:3      | 2083 ||| READING scroll of identify.
  2083 | D:3      | 2083 ||| IDENTIFYING lumpy blue potion
  2084 | D:3      | 2084 ||| READING scroll labelled JUKAS DEURY.
  2085 | D:3      | 2085 ||| DROPPING potion of ambrosia.
  2215 | D:4      | Reached skill level 6 in Ranged Weapons
  2361 | D:4      | Reached XP level 6. HP: 30/30 MP: 7/7
  2469 | D:4      | Reached skill level 6 in Dodging
  2618 | D:4      | 2618 ||| FLEEEEING.
  2619 | D:4      | 2619 ||| FLEEEEING.
  2620 | D:4      | 2620 ||| FLEEEEING.
  2621 | D:4      | 2621 ||| FLEEEEING.
  2622 | D:4      | 2622 ||| FLEEEEING.
  2632 | D:4      | HP: 1/30 [orc wizard/puff of flame (9)]
  3034 | D:4      | 3034 ||| DROPPING amulet of magic regeneration.
  3035 | D:4      | 3035 ||| UPGRADING to +6 ring of dexterity.
  3036 | D:4      | 3036 ||| READING scroll labelled ZYCEOCVUCODD.
  3070 | D:5      | Entered Level 5 of the Dungeon
  3074 | D:5      | Noticed a wyvern
  3076 | D:5      | 3076 ||| RETREEEEATING.
  3077 | D:5      | 3077 ||| RETREEEEATING.
  3085 | D:5      | HP: 6/30 [wyvern (6)]
  3087 | D:5      | Mangled by a wyvern

Levels and vault maps discovered:
D:1:      amcnicky_arrival_feature_with_door, layout_rooms, minmay_pentomino_q2
D:2:      layout_basic, serial_shops, nicolae_shop_crystal, basic_altar,
          kennysheep_path_1
D:3:      layout_basic
D:4:      layout_basic
D:5:      layout_cave_pools, gammafunk_ghost_mausoleum

Skill      XL: |  1  2  3  4  5  6 |
---------------+-------------------+-----
Dodging        | 3 4 5 6 |  6.3
Ranged Weapons | 5 6 |  6.4
Fighting       | 2 |  2.1
Stealth        | |  1.5

Action                     |  1- 3 |  4- 6 || total
---------------------------+-------+-------++-------
   Fire: Shortbow          |   111 |   199 ||   310
    Use: Scroll            |     5 |     5 ||    10
         Potion            |       |     1 ||     1
 Armour: Robe              |    10 |    29 ||    39
  Dodge: Dodged            |    29 |    98 ||   127

Table legend:
 A = Non-vault XP
 B = Vault XP
 C = Vault XP percentage of total XP
 D = Non-vault monster count
 E = Vault monster count
 F = Vault count percentage of total count
                 A         B        C        D         E       F
            +---------+---------+-------+---------+---------+-------
      Total |     612 |       2 |   0.3 |     100 |       1 |   1.0
            +---------+---------+-------+---------+---------+-------
        D:1 |      43 |       2 |   4.4 |      24 |       1 |   4.0
        D:2 |      84 |       0 |   0.0 |      29 |       0 |   0.0
        D:3 |     160 |       0 |   0.0 |      29 |       0 |   0.0
        D:4 |     285 |       0 |   0.0 |      17 |       0 |   0.0
        D:5 |      40 |       0 |   0.0 |       1 |       0 |   0.0
            +---------+---------+-------+---------+---------+-------
